 Dungeon Crawl Stone Soup version 0.20-a0-550-gf70bbbc (webtiles) character file.

317 Ijustatesigmund the Cutter (level 6, -2/32 HPs)
             Began as a Kobold Wizard on Feb 1, 2017.
             Succumbed to a scorpion's poison
             ... on level 4 of the Dungeon on Feb 2, 2017.
             The game lasted 00:13:42 (4584 turns).

Ijustatesigmund the Cutter (Kobold Wizard)          Turns: 4584, Time: 00:13:43

Health: -2/32      AC:  3    Str:  4    XL:     6   Next: 74%
Magic:  8/10       EV: 15    Int: 24    God:
Gold:   129        SH:  0    Dex: 13    Spells: 1/11 levels left

rFire    . . .     SeeInvis .   k - +0 short sword
rCold    . . .     Gourm    .   a - +0 robe
rNeg     . . .     Faith    .   (shield restricted)
rPois    .         Spirit   .   b - +1 hat
rElec    .         Reflect  .   (no cloak)
rCorr    .         Harm     .   (no gloves)
MR       .....                  (no boots)
Stlth    ++........             (no amulet)
Regen    0.1/turn               (no ring)
                                e - +2 ring of intelligence

@: lethally poisoned (-2 -> -35), flying, repel missiles
A: carnivore 3
a: no special abilities


You were on level 4 of the Dungeon.
You were very full.

You visited 1 branch of the dungeon, and saw 5 of its levels.

You collected 129 gold pieces.

Inventory:

Hand Weapons
 k - a +0 short sword (weapon)
Armour
 a - a +0 robe (worn)
 b - a +1 hat (worn)
 f - a +0 buckler
Jewellery
 e - a +2 ring of intelligence (left hand)
Potions
 i - a potion of cure mutation
 j - a potion of magic
 l - a potion of lignification {unknown}
 m - a potion of might {unknown}
 n - 3 potions of flight
 s - a potion of degeneration {unknown}
Books
 c - a book of Minor Magic

   Spells                             Type                      Level
   a - Magic Dart                     Conjuration                  1
   b - Blink                          Translocation                2
   c - Call Imp                       Summoning                    2
   d - Repel Missiles                 Charms/Air                   2
   e - Slow                           Hexes                        2
   f - Conjure Flame                  Conjuration/Fire             3
   g - Mephitic Cloud                 Conjuration/Poison/Air       3
 r - a book of Conjurations

   Spells                             Type                      Level
   a - Magic Dart                     Conjuration                  1
   b - Searing Ray                    Conjuration                  2
   c - Dazzling Spray                 Conjuration/Hexes            3
   d - Fulminant Prism                Conjuration/Hexes            4
   e - Iskenderun's Mystic Blast      Conjuration                  4
   f - Iskenderun's Battlesphere      Conjuration/Charms           5
Comestibles
 d - 3 meat rations


   Skills:
 + Level 0.0 Fighting
 - Level 4.0 Short Blades
 - Level 2.4 Dodging
 - Level 2.6 Stealth
 - Level 3.2 Spellcasting
 - Level 3.3 Conjurations
   Level 1.0 Summonings
 + Level 1.0 Translocations
 - Level 2.6 Air Magic
 - Level 2.6 Poison Magic


You had one spell level left.
You knew the following spells:

 Your Spells              Type           Power        Failure   Level  Hunger
a - Magic Dart            Conj           ###.         2%          1    None
b - Blink                 Tloc           N/A          12%         2    ##.....
c - Repel Missiles        Chrm/Air       ##....       12%         2    ##.....
d - Mephitic Cloud        Conj/Pois/Air  ###.....     12%         3    ###....
e - Searing Ray           Conj           ###...       4%          2    ##.....


Dungeon Overview and Level Annotations

Branches:
Dungeon (5/15)
 Temple: D:4-7

Altars:
Gozag
Hepliaklqana
Kikubaaqudgha
Vehumet
Zin
The Shining One

Annotations:
D:2 Sigmund
D:3 Ijustatesigmund's ghost, amateur KoAs


Innate Abilities, Weirdness & Mutations

You are small and have problems with some larger weapons.
You are carnivorous and can eat meat at any time.


Message History

You are too injured to fight recklessly!
You are too injured to fight recklessly!
You are too injured to fight recklessly!
You are too injured to fight recklessly!
You are too injured to fight recklessly!
You are too injured to fight recklessly!
You are too injured to fight recklessly!
It was a potion of magic.
Magic courses through your body.
You feel sick. The scorpion closely misses you.
It was a potion of flight.
You feel very buoyant.
You fly up into the air.
* * * LOW HITPOINT WARNING * * *
You feel sick. The scorpion stings you!
* * * LOW HITPOINT WARNING * * *
You are more poisoned.
The scorpion poisons you!
Cast which spell? (? or * to list)
You blink.
You die...

,,,,*,,,*,#...#.#....# *,,,,,,
,,,,,,,##.#...#.#.##.# **,,,,*
,,,,*#...............# ******
**,**...........#.####
**,**.###....)..#s#
*,,,*,*........##ยง#
*,,,*,#........##.#
*,,,*,#........##%###############
,,,,,,..........@................
,,,,,,,..........................
**,**,*,#.#....#.#######.########
,,,,,,*,*,#....#s.# #.# #
**,*,,,,,+#.##.#..# #)# #
*,*,**#...$.[.#..#* #.# #
*,,,*,#...)####...****#.# #
****.###...,* #.#.#,,,#.# #
,,,,.....s..* #.#....,#.# #


You could see a scorpion and a giant cockroach.

Vanquished Creatures
  A scorpion (D:4)
  2 hounds
  Jessica (D:3)
  Terence (D:3)
  Ijyb (D:3)
  Robin (D:4)
  2 adders
  An ooze (D:2)
  2 worms (D:3)
  2 dart slugs
  3 leopard geckos
  6 orcs (D:4)
  A ball python (D:2)
  10 bats
  2 giant cockroaches
  9 hobgoblins
  6 jackals
  2 kobolds
  2 quokkas
  9 frilled lizards
  12 goblins
  10 rats
86 creatures vanquished.

Vanquished Creatures (others)
  A rat (D:3)
1 creature vanquished.

Grand Total: 87 creatures vanquished

Notes
Turn   | Place    | Note
-------+----------+-------------------------------------------
     0 | D:1      | Ijustatesigmund the Kobold Wizard began the quest for the Orb.
     0 | D:1      | Reached XP level 1. HP: 10/10 MP: 4/4
   446 | D:1      | Reached XP level 2. HP: 15/15 MP: 3/6
   450 | D:1      | Learned a level 2 spell: Blink
   453 | D:1      | Learned a level 2 spell: Repel Missiles
  1359 | D:2      | Reached XP level 3. HP: 11/19 MP: 0/7
  1508 | D:2      | Found a radiant altar of Vehumet.
  1597 | D:2      | Reached skill level 1 in Short Blades
  2000 | D:2      | Reached XP level 4. HP: 24/24 MP: 3/8
  2018 | D:2      | Noticed Sigmund
  2106 | D:3      | Reached skill level 2 in Short Blades
  2202 | D:3      | Learned a level 3 spell: Mephitic Cloud
  2211 | D:3      | Noticed Terence
  2504 | D:3      | Noticed Ijustatesigmund's ghost (amateur KoAs)
  2543 | D:3      | You fall through a shaft for 2 floors!
  2543 | D:5      | Entered Level 5 of the Dungeon
  2734 | D:4      | Noticed Robin
  2778 | D:4      | Killed Robin
  2778 | D:4      | Reached skill level 1 in Air Magic
  2786 | D:4      | Reached XP level 5. HP: 19/28 MP: 0/9
  2921 | D:3      | Killed Terence
  2921 | D:3      | Reached skill level 1 in Poison Magic
  3069 | D:3      | Found a hazy altar of Hepliaklqana.
  3297 | D:3      | Noticed Ijyb
  3312 | D:3      | Killed Ijyb
  3312 | D:3      | Reached skill level 3 in Short Blades
  3351 | D:3      | Learned a level 2 spell: Searing Ray
  3448 | D:3      | Noticed Jessica
  3451 | D:3      | Killed Jessica
  3451 | D:3      | Reached XP level 6. HP: 32/32 MP: 3/10
  3596 | D:3      | Found a glowing silver altar of Zin.
  3598 | D:3      | Found an opulent altar of Gozag.
  3598 | D:3      | Found an ancient bone altar of Kikubaaqudgha.
  3624 | D:4      | Found a glowing golden altar of the Shining One.
  3745 | D:4      | Reached skill level 4 in Short Blades
  4449 | D:2      | Upgraded the game from 0.20-a0-548-g4f8a798 to 0.20-a0-550-gf70bbbc
  4583 | D:4      | HP: 1/32 [scorpion (7)]
  4584 | D:4      | Succumbed to a scorpion's poison

Vault maps used:
D:1:      dpeg_chamrin_arrival_tetris, st_stairs_3
D:2:      vehumet_crystals, uniq_sigmund
D:3:      nicolae_overflow_crystal_walls, grunt_temple_overflow_open,
          uniq_jessica, uniq_terence, uniq_iyjb
D:4:      grunt_temple_overflow_champion_of_chaos,
          lemuel_coloured_pillars_altar, serial_shops, shop_fountains,
          item_on_display_a, uniq_robin
D:5:      first_bread

Skill      XL: |  1  2  3  4  5  6 |
---------------+-------------------+-----
Conjurations   | 2 3 |  3.3
Short Blades   | 1 2 3 4 |  4.0
Air Magic      | 1 2 |  2.6
Poison Magic   | 1 2 |  2.6
Dodging        | |  2.4
Stealth        | |  2.6
Spellcasting   | |  3.2
Summonings     | |  1.0
Translocations | |  1.0

Action                   |  1- 3 |  4- 6 || total
-------------------------+-------+-------++-------
Melee: Short sword       |    12 |   114 ||   126
 Cast: Magic Dart        |    82 |   110 ||   192
       Repel Missiles    |     2 |     1 ||     3
       Mephitic Cloud    |       |     3 ||     3
       Blink             |       |     3 ||     3
       Searing Ray       |       |     1 ||     1
  Use: Scroll            |     4 |     9 ||    13
       Potion            |       |     5 ||     5
 Stab: Sleeping          |       |     3 ||     3
       Confused          |       |     2 ||     2
  Eat: Chunk             |     9 |     9 ||    18
Armor: Robe              |     7 |    16 ||    23
Dodge: Dodged            |    36 |   111 ||   147
       Deflected         |     1 |     2 ||     3
